 Dungeon Crawl Stone Soup version 0.30.2 (webtiles) character file.

Game seed: 1192669499155253465

3327 porpoise the Cleaver (level 10, 0/91 HPs)
             Began as a Hill Orc Fighter on Feb 21, 2024.
             Was a Believer of Qazlal.
             Slain by a steam dragon (2 damage)
             ... on level 8 of the Dungeon.
             The game lasted 00:20:59 (7758 turns).

porpoise the Cleaver (Hill Orc Fighter)             Turns: 7758, Time: 00:21:00

Health: 0/91       AC: 16    Str: 24    XL:     10   Next: 2%
Magic:  15/15      EV:  9    Int:  8    God:    Qazlal [**....]
Gold:   364        SH:  8    Dex:  8    Spells: 9/9 levels left

rFire   + . .        a - +1 war axe
rCold   . . .        c - +1 buckler
rNeg    . . .        B - +0 scale mail
rPois   +            D - +2 hat
rElec   .            A - +2 cloak
rCorr   .            (no gloves)
SInv    .            (no boots)
Will    .....        K - amulet of regeneration Stlth
                     J - +4 ring of protection
HPRegen 1.15/turn    f - ring of poison resistance
MPRegen 0.14/turn

%: no passive effects
@: no status effects
A: claws 1, clumsy 1, fire resistance 1
a: Renounce Religion, Upheaval


You were on level 8 of the Dungeon.
You worshipped Qazlal.
Qazlal was pleased with you.
You visited 2 branches of the dungeon, and saw 9 of its levels.

You collected 364 gold pieces.

Inventory:

Hand Weapons
 a - a +1 war axe (weapon)
 b - the +6 sling of Dithmenos, Singing {elec, +Blink rPois rC+ Str+2}
   (You found it on level 6 of the Dungeon)

   Str:       It affects your strength (+2).
   rC:        It protects you from cold.
   rPois:     It protects you from poison.
   +Blink:    It lets you blink.
 G - a +0 longbow
Missiles
 h - 2 boomerangs of dispersal
 j - 6 boomerangs (quivered)
 n - 3 javelins
 F - 5 datura-tipped darts
Armour
 c - a +1 buckler (worn)
 w - an orb of light
 A - a +2 cloak (worn)
 B - a +0 scale mail (worn)
 D - a +2 hat (worn)
 I - +0 steam dragon scales
Jewellery
 f - a ring of poison resistance (right claw)
 p - a ring of resist corrosion
 t - a ring of protection from cold
 H - a ring of magical power
 J - a +4 ring of protection (left claw)
 K - an amulet of regeneration (around neck)
Wands
 s - a wand of digging (3)
 C - a wand of flame (7)
Scrolls
 e - 2 scrolls of enchant armour
 g - a scroll of magic mapping
 l - a scroll of fog
 o - 3 scrolls of poison
 v - a scroll of vulnerability
 y - a scroll of immolation
Potions
 d - 4 potions of might
 k - 4 potions of lignification
 m - a potion of curing
 q - 4 potions of resistance
 r - 3 potions of attraction
 u - 2 potions of mutation
 x - a potion of flight {unknown}
 z - a potion of heal wounds {unknown}
 E - a potion of ambrosia {unknown}


   Skills:
 - Level 9.0 Fighting
 * Level 12.9 Axes
 - Level 3.2 Armour
 - Level 5.0 Shields
 + Level 7.6 Invocations


You had 9 spell levels left.
You didn't know any spells.
Your spell library contained the following spells:

 Spells                   Type           Power      Damage    Failure   Level
 Foxfire                  Conj/Fire      0%         2x1d4     77%         1
 Freeze                   Ice            0%         1d3       77%         1
 Slow                     Hex            0%         N/A       77%         1
 Blink                    Tloc           0%         N/A       88%         2
 Sublimation of Blood     Necr           0%         N/A       88%         2
 Wereblood                Tmut           0%         N/A       88%         2
 Confusing Touch          Hex            0%         N/A       98%         3
 Frozen Ramparts          Ice            0%         1d1       98%         3
 Hailstorm                Conj/Ice       0%         3d3       98%         3
 Inner Flame              Hex/Fire       0%         N/A       98%         3
 Vampiric Draining        Necr           0%         2d6       98%         3
 Flame Wave               Conj/Fire      0%         2d4       100%        4
 Manifold Assault         Tloc           0%         N/A       100%        4
 Sticky Flame             Conj/Fire      0%         2d3       100%        4
 Fireball                 Conj/Fire      0%         3d3       100%        5
 Plasma Beam              Fire/Air       0%         2x1d11    100%        6
 Starburst                Conj/Fire      0%         6d3       100%        6
 Storm Form               Tmut/Air       0%         N/A       100%        7
 Summon Hydra             Summ           0%         N/A       100%        7


Dungeon Overview and Level Annotations

Branches:
Dungeon (8/15)             Temple (1/1) D:4
   Lair: D:8-11

Altars:
Ashenzari
Cheibriados
Dithmenos
Elyvilon
Fedhas
Gozag
Hepliaklqana
Kikubaaqudgha
Makhleb
Nemelex Xobeh
Okawaru
Qazlal
Ru
Sif Muna
Trog
Uskayaw
Vehumet
Wu Jian
Xom
Yredelemnul
Zin
The Shining One

Shops:
D:7 *


Innate Abilities, Weirdness & Mutations

You have sharp fingernails.
You are clumsy. (Dex -2)
Your flesh is heat resistant. (rF+)


Message History

* * * LOW HITPOINT WARNING * * *
A steam dragon comes into view.
The killer bee stings you but does no damage.
You barely miss the killer bee.
The killer bee is severely wounded.
The steam dragon hisses angrily.
The killer bee barely misses you.
You closely miss the killer bee.
The killer bee is severely wounded.
You block the killer bee's attack. The killer bee completely misses you.
You closely miss the killer bee.
The killer bee is severely wounded.
You block the killer bee's attack.
The killer bee stings you but does no damage.
You closely miss the killer bee.
The killer bee is severely wounded.
The killer bee closely misses you.
The killer bee stings you but does no damage.
You closely miss the killer bee.
The killer bee is severely wounded.
You closely miss the steam dragon. You block the killer bee's attack.
You hit the killer bee but do no damage.
The killer bee is severely wounded.
You hit the steam dragon.
The killer bee stings you but does no damage.
You block the steam dragon's attack. The steam dragon closely misses you.
The killer bee stings you but does no damage.
Unknown command.
You miss the killer bee.
The killer bee is severely wounded.
You slash the steam dragon! The killer bee stings you.
* * * LOW HITPOINT WARNING * * *
The steam dragon bites you.
* * * LOW HITPOINT WARNING * * *
The steam dragon barely misses you.
You miss the killer bee.
The killer bee is severely wounded.
You barely miss the steam dragon. You block the killer bee's attack.
The killer bee barely misses you. The steam dragon bites you.
You die...

#.# #.#.##.###.# ######.######
##....#.....# ###...........#
#####......##.#.. .<.....#.####.#
#...........>.#.. ###.##.#.#
#.###.#.#.†))..#.##..
#.##.#.####.##.....).))..#.##..
###)##.........yy.#.##)#).##.##..
.........####.##y###.#.#.###.##..
.........###...#@# ##............
..#.#..........D.# ##...........
.........###...### #######[###.
#.#.#.>(..###.## #.# #.
#.............# #.###.
..........##### #.....
########.## #.###. #.# #.# #. .#
#.


You could see a steam dragon and 3 killer bees.

Vanquished Creatures
  Joseph (D:7)
  2 steam dragons
  Menkaure (D:5)
  A water moccasin (D:8)
  2 orc warriors (D:8)
  A black bear (D:4)
  An ice beast (D:6)
  3 ogres
  3 phantoms
  3 centaurs (D:8)
  Blork the orc (D:6)
  2 scorpions
  3 killer bees (D:8)
  5 electric eels (D:7)
  5 howler monkeys
  2 orc priests
  Crazy Yiuf (D:5)
  4 jellies
  4 iguanas
  Natasha (twice) (D:4)
  2 orc wizards
  2 sleepcaps
  6 adders
  7 gnolls
  2 ufetubi
  A worm (D:5)
  3 dart slugs
  40 orcs
  6 ball pythons
  10 endoplasms
  4 giant cockroaches
  7 goblins
  6 hobgoblins
  7 jackals
  5 quokkas
  7 bats
  2 frilled lizards (D:1)
  4 kobolds
  3 rats
171 creatures vanquished.

Notes
Turn   | Place    | Note
-------+----------+-------------------------------------------
     0 | D:1      | porpoise the Hill Orc Fighter began the quest for the Orb.
     0 | D:1      | Reached XP level 1. HP: 19/19 MP: 1/1
    56 | D:1      | Reached skill level 3 in Axes
    61 | D:1      | Reached XP level 2. HP: 27/27 MP: 2/2
   439 | D:1      | Reached XP level 3. HP: 33/33 MP: 3/3
   534 | D:1      | Reached skill level 4 in Axes
  1098 | D:2      | Reached XP level 4. HP: 40/40 MP: 4/4
  1945 | D:3      | Reached skill level 5 in Axes
  2038 | D:3      | Reached XP level 5. HP: 46/47 MP: 5/5
  2748 | D:4      | You fall into a shaft and drop 3 floors!
  2822 | D:6      | Noticed an ice beast
  2888 | D:6      | Noticed an ogre
  2897 | D:5      | Entered Level 5 of the Dungeon
  2897 | D:5      | Found a sacrificial altar of Ru.
  3131 | D:5      | Reached skill level 5 in Fighting
  3182 | D:4      | Noticed Natasha
  3183 | D:4      | Reached XP level 6. HP: 56/56 MP: 6/6
  3186 | D:4      | Reached skill level 6 in Axes
  3192 | D:4      | Killed Natasha
  3553 | D:4      | Reached skill level 7 in Axes
  3553 | D:4      | Reached skill level 5 in Shields
  3553 | D:4      | Reached XP level 7. HP: 61/61 MP: 7/7
  3615 | D:4      | Found a staircase to the Ecumenical Temple.
  3624 | Temple   | Entered the Ecumenical Temple
  3624 | Temple   | Found a transporter.
  3624 | Temple   | Found a transporter.
  3626 | Temple   | Found a transporter.
  3626 | Temple   | Found a transporter.
  3666 | Temple   | Became a worshipper of Qazlal Stormbringer
  3847 | D:4      | Reached skill level 1 in Invocations
  3952 | D:4      | Noticed Natasha
  3958 | D:4      | Killed Natasha
  4179 | D:5      | Reached skill level 8 in Axes
  4297 | D:5      | Found a white marble altar of Elyvilon.
  4301 | D:5      | Found a burning altar of Makhleb.
  4304 | D:5      | Found a bloodstained altar of Trog.
  4387 | D:5      | Noticed Menkaure
  4395 | D:5      | Killed Menkaure
  4453 | D:5      | Reached XP level 8. HP: 71/71 MP: 10/10
  4623 | D:5      | Reached skill level 9 in Axes
  4848 | D:5      | Found a runed translucent door.
  4849 | D:5      | Noticed Crazy Yiuf
  4985 | D:5      | Killed Crazy Yiuf
  5394 | D:6      | Identified the +6 sling of Dithmenos, Singing {elec, +Blink
                  | rPois rC+ Str+2}
  5540 | D:6      | Reached * piety under Qazlal
  5665 | D:6      | Noticed Blork the orc
  5673 | D:6      | Reached skill level 10 in Axes
  5674 | D:6      | Killed Blork the orc
  6029 | D:6      | Found a hazy altar of Hepliaklqana.
  6178 | D:7      | Found Eruoreb's Fire Supplies.
  6210 | D:7      | Reached skill level 5 in Invocations
  6310 | D:7      | Noticed Joseph
  6326 | D:7      | Killed Joseph
  6327 | D:7      | Reached skill level 11 in Axes
  6327 | D:7      | Reached XP level 9. HP: 23/81 MP: 11/13
  7465 | D:8      | Reached skill level 12 in Axes
  7739 | D:8      | Gained mutation: You have sharp fingernails. [potion of
                  | mutation]
  7739 | D:8      | Gained mutation: You are clumsy. (Dex -2) [potion of
                  | mutation]
  7739 | D:8      | Gained mutation: Your flesh is heat resistant. (rF+)
                  | [potion of mutation]
  7745 | D:8      | Reached XP level 10. HP: 15/91 MP: 15/15
  7747 | D:8      | Reached ** piety under Qazlal
  7757 | D:8      | HP: 1/91 [steam dragon (6)]
  7758 | D:8      | Slain by a steam dragon

Illustrated notes

Levels and vault maps discovered:
D:1:      evilmike_arrival_fibonacci_small, layout_loops_ring, minmay_tromino_v2
D:2:      layout_basic, minmay_strange_pillars, minmay_misc_feat_ornament
D:3:      layout_rooms, minmay_misc_feat_enclosed
D:4:      layout_basic, temple_statues, uniq_natasha
D:5:      layout_loops_cross, nicolae_ru_awakened_eye,
          grunt_temple_overflow_diamond, uniq_menkaure, uniq_crazy_yiuf_cottage
D:6:      layout_cave_pods, worldfamousw_hep_ancestral_shrine,
          uniq_blork_the_orc
D:7:      layout_basic, enter_bailey_5, nicolae_shop_fire_sale
          [nicolae_sub_dead_trees], fountainhead, serial_bayou_lake_a,
          uniq_joseph
D:8:      layout_loops_ring, minmay_manual_mares
Temple:   hellmonk_temple_divided_pantheon

Skill      XL: |  1  2  3  4  5  6  7  8  9 |
---------------+----------------------------+-----
Axes           | 3 4 5 7 8 11 12 | 12.9
Fighting       | 4 5 6 7 9 |  9.0
Shields        | 4 5 |  5.0
Invocations    | 3 5 7 |  7.6
Armour         | |  3.2

Action                     |  1- 3 |  4- 6 |  7- 9 | 10-12 || total
---------------------------+-------+-------+-------+-------++-------
  Melee: War axe           |    90 |   145 |   233 |    14 ||   482
         Unarmed           |       |     3 |       |       ||     3
   Fire: Sling             |       |       |    39 |       ||    39
  Throw: Boomerang         |       |       |     8 |       ||     8
         Throwing net      |       |       |     1 |       ||     1
  Evoke: Wand              |       |       |     4 |       ||     4
    Use: Scroll            |       |     5 |     6 |       ||    11
         Potion            |       |       |     3 |       ||     3
   Stab: Held in net/web   |       |       |     2 |       ||     2
 Armour: Scale mail        |    44 |    62 |   125 |     9 ||   240
         Skin              |       |     1 |       |       ||     1
  Dodge: Dodged            |    49 |    61 |   102 |    11 ||   223
  Block: Buckler           |    25 |    36 |    99 |     7 ||   167
